 Dungeon Crawl Stone Soup version 0.30-a0-528-g8c47a4955b (webtiles) character file.

Game seed: 10666254390186570284

128 porpoise the Chopper (level 5, -3/47 HPs)
             Began as a Hill Orc Monk on Dec 24, 2022.
             Slain by an ogre
             ... wielding a +0 giant spiked club
              (10 damage)
             ... on level 4 of the Dungeon.
             The game lasted 00:06:12 (2483 turns).

porpoise the Chopper (Hill Orc Monk)                Turns: 2483, Time: 00:06:13

Health: -3/47      AC:  3    Str: 16    XL:     5   Next: 11%
Magic:  5/5        EV: 12    Int: 10    God:
Gold:   193        SH:  0    Dex: 13    Spells: 4/4 levels left

rFire   . . .      SeeInvis .    a - +0 war axe
rCold   . . .      Faith    .    (no shield)
rNeg    . . .      Spirit   .    r - +0 leather armour
rPois   .          Reflect  .    (no helmet)
rElec   .          Harm     .    (no cloak)
rCorr   .          Rampage  .    (no gloves)
Will    .....                    (no boots)
Stlth   ++                       (no amulet)
HPRegen 0.27/turn                (no ring)
MPRegen 0.09/turn                (no ring)

@: no status effects
A: no striking features
a: no special abilities


You were on level 4 of the Dungeon.
You visited 1 branch of the dungeon, and saw 4 of its levels.

You collected 193 gold pieces.

Inventory:

Hand Weapons
 a - a +0 war axe (weapon)
Armour
 p - a +0 robe of resistance
 r - a +0 leather armour (worn)
Scrolls
 b - a scroll of fear {unknown}
 d - a scroll of noise
 i - a scroll of vulnerability {unknown}
 j - a scroll of blinking
 k - a scroll of magic mapping {unknown}
 l - a scroll of fog {unknown}
 m - a scroll of immolation {unknown}
 n - a scroll of enchant armour {unknown}
 o - a scroll of teleportation
Potions
 c - a potion of ambrosia
 e - 2 potions of mutation
 f - 3 potions of brilliance
 h - a potion of haste {unknown}
 q - a potion of curing {unknown}
 s - a potion of heal wounds {unknown}
 t - a potion of resistance {unknown}


   Skills:
 + Level 4.8 Fighting
 * Level 6.5 Axes
 - Level 2.4 Dodging
 - Level 1.5 Stealth


You had 4 spell levels left.
You didn't know any spells.
Your spell library contained the following spells:

 Spells                   Type           Power      Damage    Failure   Level
 Apportation              Tloc           0%         N/A       43%         1
 Alistair's Intoxication  Tmut/Pois      0%         N/A       100%        5


Dungeon Overview and Level Annotations

Branches:
Dungeon (4/15)
 Temple: D:4-7

Altars:


Message History

Press: ? - help, Dir - move target, f - you Are you sure you want to cancel this blink?
Okay, then.
As you read the scroll labelled MISASTRITYE, it crumbles to dust.
It was a scroll of blinking.
As you read the scroll labelled HEHYS YNWAU, it crumbles to dust.
You feel strangely unstable.
It was a scroll of teleportation.
You climb upwards.
Your surroundings suddenly seem different.
Okay, then.
Done exploring.
(D) Dungeon
Where to? (Enter - D:4, ? - help)
There is a stone staircase leading down here.
You climb downwards.
There is a stone staircase leading up here.
There is a stone staircase leading up here.
An ogre comes into view. It is wielding a +0 giant spiked club.
The ogre moves out of view.
You barely miss the ogre.
The ogre hits you with a +0 giant spiked club!
You barely miss the ogre. The ogre closely misses you.
You barely miss the ogre.
The ogre hits you with a +0 giant spiked club!!
Ouch! That really hurt!
* * * LOW HITPOINT WARNING * * *
You slash the ogre!
The ogre is moderately wounded.
The ogre barely misses you.
You hit the ogre.
The ogre is heavily wounded.
An endoplasm comes into view.
The endoplasm quivers.
You hit the ogre.
The ogre is severely wounded.
The ogre barely misses you.
You slash the ogre!
The ogre is almost dead.
The ogre hits you with a +0 giant spiked club!
You die...

#### ###
##..##..##
#........+
#..<.@...#
#..###O.##
#### ..#
.... .....
####J.#
..# ..


You could see an ogre and an endoplasm.

Vanquished Creatures
  An orc wizard (D:3)
  4 adders (D:2)
  4 orcs (D:3)
  7 endoplasms
  2 giant cockroaches
  4 goblins
  4 hobgoblins
  9 jackals
  5 kobolds
  5 ball pythons
  6 bats
  2 frilled lizards
  4 rats
57 creatures vanquished.

Notes
Turn   | Place    | Note
-------+----------+-------------------------------------------
     0 | D:1      | porpoise the Hill Orc Monk began the quest for the Orb.
     0 | D:1      | Reached XP level 1. HP: 19/19 MP: 1/1
   130 | D:1      | Reached XP level 2. HP: 23/27 MP: 2/2
   539 | D:1      | Reached skill level 5 in Axes
   598 | D:2      | Reached XP level 3. HP: 33/33 MP: 3/3
   986 | D:2      | Reached XP level 4. HP: 27/41 MP: 4/4
  1249 | D:2      | Reached skill level 6 in Axes
  1688 | D:3      | Reached XP level 5. HP: 19/47 MP: 5/5
  2473 | D:4      | Noticed an ogre
  2483 | D:4      | Slain by an ogre

Illustrated notes

Levels and vault maps discovered:
D:1:      onia_arrival_handbag, layout_basic
D:2:      layout_basic, minmay_misc_feat_room
D:3:      layout_loops_ring
D:4:      layout_gridville, gammafunk_ghost_arena, serial_shops,
          nicolae_shop_statue_plus, shop, nicolae_shop_bloodbath_and_beyond,
          kennysheep_little_box, shop_fountains, uniq_pikel

Skill      XL: |  1  2  3  4 |
---------------+-------------+-----
Fighting       | 4 |  4.8
Axes           | 5 6 |  6.5
Dodging        | |  2.4
Stealth        | |  1.5

Action                   |  1- 3 |  4- 6 || total
-------------------------+-------+-------++-------
Melee: War axe           |    74 |    71 ||   145
       Hand axe          |     8 |       ||     8
       Punch             |       |     1 ||     1
  Use: Scroll            |       |     5 ||     5
 Stab: Sleeping          |     5 |       ||     5
Armor: Robe              |    12 |     6 ||    18
       Leather armour    |       |     5 ||     5
Dodge: Dodged            |    61 |    49 ||   110

Table legend: (Time is in decaauts)
 A = Elapsed time spent in this place.
 B = Non-inter-level travel time spent in this place.
 C = Inter-level travel time spent in this place.
 D = Time resting spent in this place.
 E = Time spent auto-exploring this place.
 F = Levels seen in this place.
 G = Mean time per level.
                   A        B        C        D        E       F      G
               +--------+--------+--------+--------+--------+-----+--------+
         Total |   2515 |   2315 |    200 |    302 |   1540 |   4 |  628.8 |
       Dungeon |   2515 |   2315 |    200 |    302 |   1540 |   4 |  628.8 |
               +--------+--------+--------+--------+--------+-----+--------+

Top non-repeatable levels by time:
     D:3: 977 daAuts
     D:2: 910 daAuts
     D:1: 607 daAuts
     D:4: 20 daAuts
